General information
- name: BNet
- type: Ladder team game (AT/RT)
- host: Battle.net
- saver: KillTheEU
map: FullScaleAssault
- players: 8
- length: 30:10
- speed: Fast
- version: 1.27 W3XP
- replay type: Public
» download(237 KB)
Players
team 1 (loser)

»
Jolene (
orange | 46 APM | 1177 actions | 25:35)
5 Demon Hunter
2 Evasion
3 Mana Burn
4 Keeper of the Grove
2 Entangling Roots
2 Thorns Aura
» actions
| Assign group hotkey | 39 | |
| Basic commands | 90 | |
| Build / train | 109 | |
| Enter build submenu | 22 | |
| Enter hero's abilities submenu | 9 | |
| Give item / drop item | 1 | |
| Remove unit from queue | 2 | |
| Right click | 308 | |
| Select / deselect | 285 | |
| Select group hotkey | 209 | |
| Use ability | 103 | |
1177 total
» units
| Wisp | 28 | |
| Huntress | 13 | |
| Goblin Shredder | 1 | |
| Druid of the Talon | 13 | |
| Faerie Dragon | 2 | |
| Chimaera | 4 | |
| Hippogryph | 2 | |
| Goblin Zeppelin | 1 | |
| Archer | 7 | |
71 total
» upgrades
| Druid of the Talon Training | 2 | |
| Corrosive Breath | 1 | |
| Strength of the Wild | 1 | |
| Reinforced Hides | 1 | |
| Mark of the Talon | 1 | |
6 total
» buildings
| Moon Well | 7 | |
| Altar of Elders | 3 | |
| Hunter's Hall | 1 | |
| Ancient of War | 1 | |
| Tree of Ages | 3 | |
| Ancient of Wonders | 1 | |
| Tree of Life | 5 | |
| Tree of Eternity | 4 | |
| Ancient of Wind | 2 | |
| Chimaera Roost | 2 | |
29 total
» build order
00:17 Moon Well
00:25 Altar of Elders
01:07 Hunter's Hall
01:36 Ancient of War
01:54 Moon Well
02:39 Tree of Ages
02:40 Tree of Ages
02:40 Tree of Ages
03:35 Moon Well
04:10 Ancient of Wonders
05:02 Tree of Life
06:43 Tree of Eternity
06:44 Tree of Eternity
06:44 Tree of Eternity
07:04 Ancient of Wind
07:13 Ancient of Wind
09:44 Chimaera Roost
09:46 Chimaera Roost
09:55 Tree of Life
10:47 Moon Well
10:49 Moon Well
10:50 Moon Well
10:51 Moon Well
17:12 Tree of Life
19:20 Tree of Life
22:03 Tree of Life
23:24 Altar of Elders
23:52 Altar of Elders
» items
| Boots of Speed | 1 | |
| Scroll of Healing | 1 | |
| Dust of Appearance | 1 | |
3 total
CAHTA.1MMortAl (
teal | 66 APM | 1975 actions | 30:08)
10 Blademaster
3 Wind Walk
3 Critical Strike
1 Bladestorm
3 Mirror Image
1 Keeper of the Grove
1 Force of Nature
» actions
| Build / train | 112 | |
| Enter build submenu | 25 | |
| Enter hero's abilities submenu | 11 | |
| Give item / drop item | 4 | |
| Right click | 1178 | |
| Select / deselect | 418 | |
| Use ability | 227 | |
1975 total
» units
| Peon | 17 | |
| Troll Batrider | 49 | |
| Kodo Beast | 1 | |
| Goblin Sapper | 5 | |
72 total
» upgrades
| Liquid Fire | 1 | |
| Reinforced Defenses | 1 | |
| Ranged Weapons | 3 | |
| Armor | 1 | |
6 total
» buildings
| Orc Burrow | 5 | |
| Altar of Storms | 1 | |
| Barracks | 1 | |
| Voodoo Lounge | 1 | |
| War Mill | 1 | |
| Stronghold | 2 | |
| Watch Tower | 8 | |
| Beastiary | 4 | |
| Fortress | 3 | |
| Great Hall | 1 | |
27 total
» build order
00:26 Orc Burrow
00:32 Altar of Storms
00:55 Barracks
00:59 Voodoo Lounge
01:41 War Mill
02:44 Stronghold
02:44 Stronghold
03:23 Watch Tower
03:25 Watch Tower
03:28 Watch Tower
03:38 Orc Burrow
04:18 Watch Tower
05:10 Beastiary
05:12 Beastiary
05:13 Beastiary
05:23 Orc Burrow
05:29 Watch Tower
05:47 Fortress
05:47 Fortress
05:47 Fortress
06:27 Orc Burrow
09:58 Orc Burrow
10:25 Great Hall
10:26 Watch Tower
10:28 Watch Tower
10:33 Watch Tower
24:19 Beastiary
» items
| Healing Salve | 2 | |
| Lesser Clarity Potion | 4 | |
| Scroll of Speed | 2 | |
| Boots of Speed | 3 | |
| Potion of Mana | 1 | |
| Orb of Fire | 1 | |
| Orb of Venom | 1 | |
| Orb of Lightning | 1 | |
| Scroll of Town Portal | 1 | |
16 total
sh1thead (
blue | 58 APM | 1681 actions | 28:49)
5 Keeper of the Grove
2 Force of Nature
3 Thorns Aura
» actions
| Assign group hotkey | 26 | |
| Basic commands | 60 | |
| Build / train | 84 | |
| Enter build submenu | 22 | |
| Enter hero's abilities submenu | 5 | |
| Right click | 907 | |
| Select / deselect | 324 | |
| Select group hotkey | 206 | |
| Use ability | 47 | |
1681 total
» units
| Wisp | 26 | |
| Archer | 8 | |
| Goblin Zeppelin | 3 | |
| Dryad | 7 | |
| Druid of the Claw | 2 | |
| Hippogryph | 20 | |
66 total
» upgrades
| Abolish Magic | 1 | |
| Druid of the Claw Training | 1 | |
| Strength of the Wild | 3 | |
| Reinforced Hides | 3 | |
8 total
» buildings
| Moon Well | 9 | |
| Altar of Elders | 1 | |
| Ancient of War | 1 | |
| Tree of Ages | 1 | |
| Hunter's Hall | 1 | |
| Ancient of Lore | 2 | |
| Tree of Life | 4 | |
| Tree of Eternity | 1 | |
| Ancient of Wind | 2 | |
| Ancient Protector | 1 | |
23 total
» build order
00:18 Moon Well
00:26 Altar of Elders
00:41 Ancient of War
01:38 Moon Well
02:37 Moon Well
03:31 Moon Well
04:18 Tree of Ages
04:37 Moon Well
05:21 Hunter's Hall
06:42 Ancient of Lore
06:51 Ancient of Lore
07:02 Tree of Life
07:28 Tree of Eternity
10:46 Moon Well
10:50 Tree of Life
12:20 Moon Well
13:56 Moon Well
14:13 Ancient of Wind
15:17 Tree of Life
15:22 Moon Well
15:26 Ancient Protector
19:24 Ancient of Wind
23:40 Tree of Life
» items
KillerHus1 (
purple | 43 APM | 1242 actions | 29:08)
5 Archmage
3 Summon Water Elemental
2 Brilliance Aura
2 Mountain King
1 Storm Bolt
1 Bash
» actions
| Basic commands | 34 | |
| Build / train | 100 | |
| Enter build submenu | 36 | |
| Enter hero's abilities submenu | 7 | |
| Give item / drop item | 2 | |
| Right click | 631 | |
| Select / deselect | 358 | |
| Use ability | 74 | |
1242 total
» units
| Peasant | 17 | |
| Footman | 2 | |
| Rifleman | 7 | |
| Mur'gul Snarecaster | 1 | |
| Gryphon Rider | 18 | |
| Siege Engine | 6 | |
51 total
» upgrades
| Swords | 4 | |
| Gunpowder | 4 | |
| Armor | 3 | |
| Long Rifles | 1 | |
| Storm Hammers | 1 | |
| Masonry | 3 | |
| Plating | 2 | |
| Barrage | 1 | |
19 total
» buildings
| Altar of Kings | 1 | |
| Farm | 11 | |
| Lumber Mill | 1 | |
| Barracks | 1 | |
| Blacksmith | 1 | |
| Keep | 1 | |
| Arcane Vault | 2 | |
| Town Hall | 1 | |
| Castle | 1 | |
| Gryphon Aviary | 3 | |
| Scout Tower | 10 | |
| Guard Tower | 6 | |
| Arcane Tower | 4 | |
| Workshop | 3 | |
46 total
» build order
00:07 Altar of Kings
00:10 Farm
00:27 Lumber Mill
00:55 Barracks
01:43 Blacksmith
02:36 Farm
02:46 Farm
02:58 Farm
03:24 Farm
03:26 Farm
04:26 Keep
05:10 Arcane Vault
05:51 Farm
06:40 Farm
07:41 Town Hall
07:43 Castle
08:36 Farm
09:33 Gryphon Aviary
11:12 Gryphon Aviary
13:04 Gryphon Aviary
13:47 Arcane Vault
14:47 Scout Tower
14:51 Scout Tower
15:03 Farm
15:53 Farm
16:14 Guard Tower
16:15 Arcane Tower
16:49 Scout Tower
16:53 Scout Tower
17:27 Guard Tower
17:28 Arcane Tower
22:56 Scout Tower
23:01 Scout Tower
23:07 Scout Tower
23:24 Scout Tower
23:25 Guard Tower
23:29 Arcane Tower
23:31 Scout Tower
23:37 Scout Tower
23:39 Guard Tower
25:37 Guard Tower
25:44 Guard Tower
25:45 Arcane Tower
25:54 Workshop
25:58 Workshop
26:01 Workshop
» items
| Scroll of Healing | 1 | |
| Scroll of Regeneration | 4 | |
| Scroll of Town Portal | 1 | |
| Orb of Fire | 1 | |
| Scroll of Protection | 1 | |
| Boots of Speed | 1 | |
9 total
team 2 (winner)

»
MowerRuleZ125 (
yellow | 98 APM | 2949 actions | 30:09)
5 Dreadlord
3 Carrion Swarm
2 Vampiric Aura
3 Death Knight
2 Death Coil
1 Unholy Aura
4 Dark Ranger
2 Black Arrow
2 Silence
» actions
| Assign group hotkey | 58 | |
| Basic commands | 119 | |
| Build / train | 88 | |
| ESC pressed | 5 | |
| Enter build submenu | 20 | |
| Enter hero's abilities submenu | 12 | |
| Give item / drop item | 4 | |
| Right click | 923 | |
| Select / deselect | 592 | |
| Select group hotkey | 1017 | |
| Use ability | 111 | |
2949 total
» units
| Acolyte | 16 | |
| Ghoul | 7 | |
| Gargoyle | 8 | |
| Frost Wyrm | 10 | |
41 total
» upgrades
| Creature Attack | 3 | |
| Creature Carapace | 3 | |
| Cannibalize | 1 | |
| Freezing Breath | 1 | |
| Stone Form | 1 | |
9 total
» buildings
| Crypt | 2 | |
| Ziggurat | 11 | |
| Altar of Darkness | 1 | |
| Tomb of Relics | 1 | |
| Halls of the Dead | 2 | |
| Nerubian Tower | 2 | |
| Graveyard | 1 | |
| Spirit Tower | 5 | |
| Black Citadel | 1 | |
| Sacrificial Pit | 1 | |
| Boneyard | 2 | |
29 total
» build order
00:10 Crypt
00:20 Ziggurat
00:38 Altar of Darkness
01:20 Ziggurat
01:33 Tomb of Relics
04:05 Halls of the Dead
04:24 Ziggurat
04:41 Nerubian Tower
05:22 Ziggurat
05:24 Ziggurat
05:45 Graveyard
06:09 Halls of the Dead
06:17 Nerubian Tower
06:29 Crypt
06:59 Ziggurat
07:18 Spirit Tower
08:36 Black Citadel
08:37 Sacrificial Pit
10:57 Spirit Tower
11:16 Boneyard
11:18 Boneyard
11:57 Ziggurat
12:27 Spirit Tower
13:23 Ziggurat
13:27 Spirit Tower
16:09 Ziggurat
19:16 Spirit Tower
29:52 Ziggurat
29:53 Ziggurat
» items
| Rod of Necromancy | 1 | |
| Dust of Appearance | 2 | |
| Potion of Healing | 5 | |
| Scroll of Town Portal | 3 | |
| Lesser Clarity Potion | 2 | |
13 total
KillTheEU (
green | 68 APM | 2059 actions | 30:10)
10 Blademaster
3 Wind Walk
3 Critical Strike
1 Bladestorm
3 Mirror Image
» actions
| Assign group hotkey | 53 | |
| Basic commands | 12 | |
| Build / train | 82 | |
| Enter build submenu | 40 | |
| Enter hero's abilities submenu | 10 | |
| Give item / drop item | 5 | |
| Remove unit from queue | 1 | |
| Right click | 1040 | |
| Select / deselect | 342 | |
| Select group hotkey | 253 | |
| Use ability | 220 | |
2059 total
» units
| Peon | 8 | |
| Grunt | 4 | |
| Goblin Shredder | 2 | |
| Troll Batrider | 17 | |
| Goblin Sapper | 2 | |
| Shaman | 1 | |
| Troll Witch Doctor | 1 | |
| Goblin Zeppelin | 1 | |
36 total
» upgrades
| Reinforced Defenses | 1 | |
| Ranged Weapons | 4 | |
| Armor | 3 | |
| Troll Regeneration | 1 | |
| Liquid Fire | 1 | |
| Shaman Training | 1 | |
| Witch Doctor Training | 1 | |
12 total
» buildings
| Orc Burrow | 5 | |
| Altar of Storms | 1 | |
| Barracks | 1 | |
| War Mill | 2 | |
| Stronghold | 1 | |
| Voodoo Lounge | 1 | |
| Watch Tower | 26 | |
| Great Hall | 1 | |
| Fortress | 1 | |
| Beastiary | 4 | |
| Spirit Lodge | 1 | |
44 total
» build order
00:11 Orc Burrow
00:51 Altar of Storms
00:52 Barracks
01:05 Orc Burrow
02:09 War Mill
03:22 Stronghold
03:50 Voodoo Lounge
04:33 Orc Burrow
04:43 Watch Tower
05:16 Watch Tower
05:16 Watch Tower
05:16 Watch Tower
05:33 Watch Tower
06:29 Great Hall
06:32 Watch Tower
07:09 Watch Tower
07:35 Orc Burrow
07:39 Watch Tower
07:43 Watch Tower
08:15 Fortress
09:38 Orc Burrow
10:01 Watch Tower
10:02 Watch Tower
10:04 Watch Tower
10:04 Watch Tower
10:27 Beastiary
10:28 Beastiary
10:31 Beastiary
10:51 Beastiary
10:54 Watch Tower
10:59 Watch Tower
11:00 Watch Tower
12:07 Watch Tower
12:13 Watch Tower
14:50 War Mill
19:28 Spirit Lodge
21:12 Watch Tower
21:14 Watch Tower
21:14 Watch Tower
21:19 Watch Tower
21:20 Watch Tower
21:20 Watch Tower
21:20 Watch Tower
21:21 Watch Tower
» items
| Healing Salve | 4 | |
| Boots of Speed | 1 | |
| Scroll of Town Portal | 4 | |
| Staff of Teleportation | 1 | |
| Orb of Lightning | 1 | |
| Potion of Healing | 3 | |
| Potion of Mana | 3 | |
| Lesser Clarity Potion | 1 | |
| Scroll of Healing | 1 | |
| Anti-magic Potion | 1 | |
20 total
UlysseBelus (
pink | 75 APM | 2270 actions | 30:09)
5 Demon Hunter
1 Immolation
3 Evasion
1 Metamorphosis
3 Keeper of the Grove
1 Entangling Roots
1 Thorns Aura
1 Force of Nature
2 Priestess of the Moon
1 Scout
1 Trueshot Aura
» actions
| Assign group hotkey | 55 | |
| Build / train | 148 | |
| Enter build submenu | 33 | |
| Enter hero's abilities submenu | 11 | |
| Give item / drop item | 12 | |
| Remove unit from queue | 1 | |
| Right click | 772 | |
| Select / deselect | 804 | |
| Select group hotkey | 284 | |
| Use ability | 150 | |
2270 total
» units
| Wisp | 43 | |
| Archer | 22 | |
| Hippogryph | 32 | |
| Goblin Zeppelin | 3 | |
| Goblin Shredder | 3 | |
| Druid of the Claw | 1 | |
104 total
» upgrades
| Strength of the Moon | 2 | |
| Moon Armor | 2 | |
| Hippogryph Taming | 1 | |
| Improved Bows | 1 | |
| Ultravision | 1 | |
| Druid of the Claw Training | 2 | |
| Marksmanship | 1 | |
10 total
» buildings
| Ancient of War | 1 | |
| Moon Well | 6 | |
| Altar of Elders | 1 | |
| Tree of Life | 6 | |
| Tree of Ages | 4 | |
| Hunter's Hall | 1 | |
| Ancient of Wind | 1 | |
| Ancient of Wonders | 2 | |
| Ancient Protector | 13 | |
| Tree of Eternity | 1 | |
| Ancient of Lore | 1 | |
37 total
» build order
00:12 Ancient of War
00:20 Moon Well
00:34 Altar of Elders
01:26 Moon Well
02:36 Moon Well
03:54 Tree of Life
04:04 Tree of Ages
04:04 Tree of Ages
04:04 Tree of Ages
04:28 Hunter's Hall
04:46 Moon Well
06:31 Ancient of Wind
09:33 Tree of Life
09:54 Moon Well
10:50 Tree of Life
11:05 Ancient of Wonders
14:21 Ancient of Wonders
14:33 Ancient Protector
15:24 Tree of Life
16:54 Moon Well
17:10 Tree of Life
18:12 Ancient Protector
18:22 Ancient Protector
19:15 Tree of Ages
19:31 Ancient Protector
20:54 Ancient Protector
21:44 Tree of Eternity
22:48 Ancient of Lore
22:54 Ancient Protector
24:32 Tree of Life
27:01 Ancient Protector
27:13 Ancient Protector
27:43 Ancient Protector
27:57 Ancient Protector
28:17 Ancient Protector
28:30 Ancient Protector
29:20 Ancient Protector
» items
| Scroll of Town Portal | 4 | |
| Potion of Healing | 5 | |
| Rod of Necromancy | 1 | |
| Orb of Venom | 1 | |
11 total
TheBorg. (
red | 50 APM | 1495 actions | 30:09)
3 Dreadlord
1 Sleep
2 Vampiric Aura
2 Dark Ranger
1 Silence
1 Black Arrow
» actions
| Assign group hotkey | 68 | |
| Basic commands | 1 | |
| Build / train | 97 | |
| ESC pressed | 1 | |
| Enter build submenu | 49 | |
| Enter hero's abilities submenu | 5 | |
| Give item / drop item | 1 | |
| Remove unit from queue | 5 | |
| Right click | 460 | |
| Select / deselect | 377 | |
| Select group hotkey | 336 | |
| Use ability | 95 | |
1495 total
» units
| Acolyte | 27 | |
| Ghoul | 15 | |
| Goblin Zeppelin | 1 | |
| Crypt Fiend | 2 | |
| Necromancer | 5 | |
| Obsidian Statue | 2 | |
| Gargoyle | 2 | |
54 total
» upgrades
| Necromancer Training | 1 | |
| Skeletal Longevity | 1 | |
| Web | 1 | |
| Burrow | 1 | |
| Creature Attack | 1 | |
| Creature Carapace | 1 | |
| Stone Form | 1 | |
7 total
» buildings
| Ziggurat | 20 | |
| Altar of Darkness | 1 | |
| Crypt | 3 | |
| Graveyard | 1 | |
| Tomb of Relics | 2 | |
| Nerubian Tower | 3 | |
| Necropolis | 8 | |
| Halls of the Dead | 1 | |
| Temple of the Damned | 2 | |
| Slaughterhouse | 1 | |
| Sacrificial Pit | 1 | |
| Spirit Tower | 8 | |
| Black Citadel | 1 | |
52 total
» build order
00:26 Ziggurat
00:29 Altar of Darkness
01:08 Crypt
01:14 Crypt
01:34 Ziggurat
01:47 Graveyard
02:25 Ziggurat
02:44 Tomb of Relics
03:01 Ziggurat
03:15 Nerubian Tower
08:22 Necropolis
08:35 Halls of the Dead
08:49 Ziggurat
08:52 Ziggurat
10:59 Temple of the Damned
11:02 Temple of the Damned
11:24 Slaughterhouse
11:56 Sacrificial Pit
12:26 Spirit Tower
12:27 Nerubian Tower
12:31 Necropolis
12:33 Ziggurat
12:35 Ziggurat
12:37 Ziggurat
12:51 Spirit Tower
14:29 Necropolis
14:58 Ziggurat
16:03 Ziggurat
16:15 Ziggurat
17:15 Nerubian Tower
17:16 Spirit Tower
18:23 Black Citadel
19:31 Necropolis
19:37 Ziggurat
20:20 Ziggurat
20:22 Ziggurat
21:23 Crypt
23:52 Necropolis
23:56 Necropolis
25:38 Ziggurat
25:40 Ziggurat
26:23 Necropolis
26:26 Ziggurat
26:30 Ziggurat
27:10 Nerubian Tower
27:17 Spirit Tower
27:18 Spirit Tower
27:18 Spirit Tower
27:18 Spirit Tower
27:56 Necropolis
28:05 Ziggurat
28:09 Tomb of Relics
29:01 Spirit Tower
29:01 Spirit Tower
» items
| Rod of Necromancy | 1 | |
| Sacrificial Skull | 2 | |
| Potion of Mana | 2 | |
| Scroll of Town Portal | 2 | |
| Potion of Healing | 1 | |
| Orb of Corruption | 1 | |
| Scroll of Healing | 3 | |
12 total
Chat log
(00:08 / Allies) TheBorg.: pink
(00:10 / Allies) TheBorg.: max feed me
(00:11 / Allies) TheBorg.: we win
(00:12 / Allies) TheBorg.: get hero
(00:19 / Allies) TheBorg.: 15 min
(00:20 / Allies) TheBorg.: we win
(00:22 / Allies) TheBorg.: on the clock
(00:31 / Allies) UlysseBelus: SURE I AM HERE
(00:39 / Allies) KillTheEU: why'd you get on my team twice
(00:41 / Allies) TheBorg.: green
(00:41 / Allies) MowerRuleZ125: ghul garg
(00:43 / Allies) TheBorg.: max feed me
(01:00 / Allies) UlysseBelus: TRY THINK I AM HERE FOR PLAY
(01:04 / Allies) UlysseBelus: IF U CAN
(01:26 / Allies) MowerRuleZ125: 100 pls if can
(01:28 / Allies) TheBorg.: piunk
(01:31 / Allies) TheBorg.: max feed
(01:37 / Allies) TheBorg.: ty
(01:39 / Allies) TheBorg.: wood too
(02:03 / Allies) TheBorg.: yelo
(02:05 / Allies) TheBorg.: feed me
(02:08 / Allies) TheBorg.: then i feed u back
(02:09 / Allies) TheBorg.: trus
(02:10 / Allies) MowerRuleZ125: lol me und
(02:11 / Allies) TheBorg.: t
(02:14 / Allies) TheBorg.: np
(02:14 / Allies) MowerRuleZ125: need it
(02:17 / Allies) TheBorg.: same wood asame gold
(02:19 / Allies) TheBorg.: feed
(02:56 / Allies) TheBorg.: i am goiing zzz ok
(09:11 / All) CAHTA.1MMortAl: double
(09:36 / All) CAHTA.1MMortAl: XD
(09:47 / All) KillTheEU: didn't realize yellow bailed
(10:02 / Allies) MowerRuleZ125: ofc 2 crit my hero
(10:14 / Allies) TheBorg.: tp
(10:15 / Allies) MowerRuleZ125: and he cat eealier on creep
(11:14 / Allies) KillTheEU: lumber?
(12:34 / Allies) KillTheEU: gold?
(13:01 / Allies) KillTheEU: k when I have 5000 gold nobody better bitch
(13:51 / Allies) UlysseBelus: gg
(14:24 / All) KillTheEU: yellow is a good player
(15:01 / Allies) TheBorg.: 100g
(18:51 / Allies) UlysseBelus: ALLO
(20:00 / All) KillTheEU: XD
(20:06 / All) CAHTA.1MMortAl: ?
(20:12 / All) CAHTA.1MMortAl: hero tower
(20:14 / All) CAHTA.1MMortAl: 5 sec
(20:51 / Allies) KillTheEU: red is basically feeding htem lmao
(23:05 / All) CAHTA.1MMortAl: MH
(23:17 / All) KillTheEU: vision lol
(24:26 / Allies) TheBorg.: b
(26:46 / All) KillTheEU: lol teal
(26:51 / All) KillTheEU: you maphack and complain about mh
(26:59 / All) KillTheEU: I don't even mh
(27:04 / All) KillTheEU: typical hacker
(28:09 / Allies) KillTheEU: thanks for taking all expos pink and not pooling gold
(28:56 / Allies) KillTheEU: you're welcome for hte win
(29:58 / All) KillTheEU: XE
(29:59 / All) KillTheEU: XD